AoeStats
← W4lly

Black Forest

507919016Analyzed
2v2 RM · 14d ago on Sep 20, 2026· 33m 56s· 4 players
Game mode
Random Map
Map size
Medium (4 player)
Population
200
Speed
Normal
Resources
Standard
Victory
Conquest
Starting age
Dark Age
Ending age
Imperial Age
RankedLock teamsTeams togetherTeam positionsShared explorationLock speedFull tech treeHidden civsTurbo modeCheats
Victory
Defeat
🇦🇷 Chinese · Argentina
1002
+21
🇦🇷 Turks · Argentina
1001
+20
🇷🇴 Vietnamese · Romania
1123
-21
🇲🇽 Bohemians · Mexico
1087
-20
jsmaradiaga
0:33 Loom
13:53 Feudal Age
14:26 Double-Bit Axe
20:01 Castle Age
20:05 Horse Collar
31:34 Imperial Age
31:06 Chemistry
30:54 Padded Archer Armor
30:45 Fletching
30:39 Elite Skirmisher
34:07 Leather Archer Armor
33:19 Imperial Skirmisher
w.tataieee
0:27 Loom
14:32 Feudal Age
19:50 Castle Age
18:14 Scale Mail Armor
18:39 Double-Bit Axe
20:25 Forging
28:42 Imperial Age
26:40 Padded Archer Armor
26:30 Fletching
26:05 Elite Skirmisher
28:33 Husbandry
30:08 Imperial Skirmisher
31:22 Husbandry
kuikimon69
0:28 Loom
12:24 Feudal Age
13:17 Double-Bit Axe
16:45 Wheelbarrow
20:10 Castle Age
18:18 Horse Collar
19:53 Stone Mining
22:20 Gold Mining
22:47 Fletching
27:24 Bodkin Arrow
27:57 Pikeman
33:12 Hand Cart
W4lly
13:28 Feudal Age
17:09 Castle Age
15:05 Double-Bit Axe
15:13 Gold Mining
21:35 Imperial Age
19:50 Padded Archer Armor
21:46 Leather Archer Armor
22:16 Loom
22:23 Horse Collar
25:36 Wheelbarrow
26:38 Town Watch
Connection lost

Rejoining the realm…

Still unreachable

The connection could not be restored.

Session expired

The server has moved on; the page needs a fresh start.